 Dungeon Sprint DCSS version 0.22-a0-601-gb0ed703 (webtiles) character file.

499465 raistware the End of an Era (level 20, 157/157 HPs)
             Began as a Gargoyle Fighter on July 6, 2018.
             Was the Champion of Qazlal.
             Escaped with the Orb!
             The game lasted 00:59:36 (4389 turns).

raistware the End of an Era (Gargoyle Fighter)      Turns: 4389, Time: 00:59:37

Health: 157/157    AC: 68    Str: 38    XL:     20   Next: 29%
Magic:  37/37      EV: 14    Int: 21    God:    Qazlal [******]
Gold:   0          SH: 48    Dex: 12    Spells: 35/45 levels left

rFire    + + +     SeeInvis .   c - +14 lance "Wyrmbane" {slay drac, rPois rF+ rC+ AC+3}
rCold    + + +     Gourm    .   F - +18 shield of the Gong {rElec rN+ MR+ EV-5}
rNeg     + + +     Faith    .   a - +12 gold dragon scales
rPois    ∞         Spirit   .   z - +0 helmet {Int+3}
rElec    +         Reflect  +   K - +2 cloak {+Inv}
rCorr    .         Harm     .   M - +0 pair of fencer's gloves {+Riposte Dex+3}
MR       ++...     NoTele   +   w - +1 pair of boots of the Slorg {rN++ Int+3}
Stlth    ..........             P - amulet "Vusos" {Reflect rElec rF+ rC+ Int+3 SH+4}
HPRegen  0.36/turn              A - +6 ring of strength
MPRegen  0.25/turn              B - +6 ring of strength

@: repel missiles
A: big wings, deterioration 1, negative energy resistance 1, electricity
resistance, wild magic 1, unbreathing, petrification resistance, rot immunity,
AC +15
0: Orb of Zot
a: Fly, Upheaval, Elemental Force, Disaster Area, Renounce Religion, Evoke
Invisibility


You escaped.
You worshipped Qazlal.
Qazlal was exalted by your worship.
You were not hungry.

You visited 1 branch

Inventory:

Hand Weapons
 c - the +14 lance "Wyrmbane" (weapon) {slay drac, rPois rF+ rC+ AC+3}
   (You found it in the Dungeon)

   It affects your AC (+3).
   It protects you from fire.
   It protects you from cold.
   It protects you from poison.
Armour
 a - +12 gold dragon scales (worn)
 w - the +1 pair of boots of the Slorg (worn) {rN++ Int+3}
   (You found it in the Dungeon)

   It affects your intelligence (+3).
   It greatly protects you from negative energy.
 z - a +0 helmet of intelligence (worn)
 F - the +18 shield of the Gong (worn) {rElec rN+ MR+ EV-5}
   (You found it in the Dungeon)

   It affects your evasion (-5).
   It insulates you from electricity.
   It protects you from negative energy.
   It affects your resistance to hostile enchantments.
 K - a +2 cloak of invisibility (worn)
 M - the +0 pair of fencer's gloves (worn) {+Riposte Dex+3}
   (You found it in the Dungeon)

   It affects your dexterity (+3).
Jewellery
 x - the ring of Maink {rF+ rC+ MR+}
   (You found it in the Dungeon)

   [ring of protection from magic]

   It protects you from fire.
   It protects you from cold.
   It affects your resistance to hostile enchantments.
 A - a +6 ring of strength (left hand)
 B - a +6 ring of strength (right hand)
 H - a +4 ring of evasion
 O - the ring "Qadevall" {*Contam +Blink rPois Int+2 Stlth+}
   (You found it in the Dungeon)

   [ring of intelligence]

   It affects your intelligence (+2).
   It protects you from poison.
   It lets you blink.
   It causes magical contamination when unequipped.
   It makes you more stealthy.
 P - the amulet "Vusos" (around neck) {Reflect rElec rF+ rC+ Int+3 SH+4}
   (You found it in the Dungeon)

   [amulet of reflection]

   It shields you and reflects attacks.
   It affects your intelligence (+3).
   It protects you from fire.
   It protects you from cold.
   It insulates you from electricity.
   It affects your SH (+4).
 Q - the ring of Boliurch {Wiz rElec MR+ Int+10 Stlth-}
   (You found it in the Dungeon)

   [ring of wizardry]

   It improves your spell success rate.
   It affects your intelligence (+10).
   It insulates you from electricity.
   It affects your resistance to hostile enchantments.
   It makes you less stealthy.
 W - the ring "Lashout" {Wiz SInv}
   (You found it in the Dungeon)

   [ring of wizardry]

   It improves your spell success rate.
   It lets you see invisible.
Wands
 C - a wand of disintegration (7)
 D - a wand of iceblast (6)
 E - a wand of acid (5)
Scrolls
 k - 2 scrolls of blinking
 q - 4 scrolls of amnesia
 r - 6 scrolls of fog
 s - a scroll of holy word
 t - 2 scrolls of identify
 u - 5 scrolls of remove curse
 v - 2 scrolls of fear
 y - 8 scrolls of brand weapon
 L - 8 scrolls of enchant weapon
 Z - a scroll of enchant armour
Potions
 d - 6 potions of might
 e - a potion of curing
 g - 16 potions of heal wounds
 h - 13 potions of haste
 i - 7 potions of magic
 j - 2 potions of berserk rage
 l - 2 potions of brilliance
 m - 2 potions of invisibility
 n - 3 potions of resistance
 p - 8 potions of agility
 S - 2 potions of lignification
 T - a potion of ambrosia
Miscellaneous
 b - a lightning rod (4/4)
 G - a phial of floods
 I - 9 phantom mirrors
 J - 6 sacks of spiders
 V - 5 boxes of beasts
Comestibles
 f - 7 rations


   Skills:
 O Level 27 Fighting
   Level 10.9(13.0) Axes
 - Level 12.0(13.5) Polearms
 O Level 27 Armour
 + Level 22.5 Dodging
 - Level 21.2 Shields
 + Level 13.0 Spellcasting
 + Level 7.8 Conjurations
 + Level 11.5 Hexes
 + Level 11.5 Charms
 + Level 10.7 Necromancy
 + Level 7.2 Fire Magic
 O Level 27 Invocations
 + Level 24.8 Evocations


You had 35 spell levels left.
You knew the following spells:

 Your Spells              Type           Power        Failure   Level  Hunger
a - Confuse               Hex            ######..     1%          3    None
b - Regeneration          Chrm/Necr      ######....   1%          3    None
c - Sticky Flame          Conj/Fire      ######..     13%         4    None

Your spell library contained the following spells:

 Spells                   Type           Power        Failure   Level  Hunger
 Cause Fear               Hex            ######....   3%          4    None
 Magic Dart               Conj           ####         1%          1    None
 Fireball                 Conj/Fire      ######....   30%         5    ####...
 Apportation              Tloc           ###...       26%         1    None
 Conjure Flame            Conj/Fire      ######..     4%          3    None
 Bolt of Fire             Conj/Fire      ######....   83%         6    #####..
 Bolt of Cold             Conj/Ice       #####.....   100%        6    #####..
 Lightning Bolt           Conj/Air       #####.....   77%         5    ####...
 Bolt of Magma            Conj/Fire/Erth #####.....   63%         5    ####...
 Slow                     Hex            ######..     1%          2    None
 Invisibility             Hex            ######..     32%         6    #####..
 Throw Flame              Conj/Fire      ######       2%          2    None
 Freezing Cloud           Conj/Ice/Air   ####......   100%        6    #####..
 Mephitic Cloud           Conj/Pois/Air  ####....     26%         3    None
 Ring of Flames           Chrm/Fire      ######....   98%         7    #######
 Venom Bolt               Conj/Pois      #####.....   77%         5    ####...
 Olgreb's Toxic Radiance  Pois           ###.....     91%         4    None
 Teleport Other           Tloc           ###.....     56%         3    None
 Death's Door             Chrm/Necr      ######....   100%        8    #######
 Summon Small Mammal      Summ           ###.         26%         1    None
 Bolt of Draining         Conj/Necr      ######....   16%         5    ####...
 Blink                    Tloc           N/A          34%         2    None
 Iskenderun's Mystic Bla  Conj           ######..     11%         4    None
 Summon Horrible Things   Summ           ###.......   100%        8    #######
 Animate Dead             Necr           N/A          4%          4    None
 Animate Skeleton         Necr           N/A          1%          1    None
 Haunt                    Necr/Summ      #####.....   100%        7    #######
 Borgnjor's Revivificati  Necr           ######....   100%        8    #######
 Ozocubu's Refrigeration  Ice            ###.......   100%        6    #####..
 Summon Ice Beast         Ice/Summ       ###.....     91%         4    None
 Call Imp                 Summ           ###.....     34%         2    None
 Dispel Undead            Necr           ######..     10%         5    ####...
 Sting                    Conj/Pois      ####         6%          1    None
 Sublimation of Blood     Necr           ######....   1%          2    None
 Tukima's Dance           Hex            ######..     1%          3    None
 Summon Demon             Summ           ###.......   99%         5    ####...
 Summon Greater Demon     Summ           ###.......   100%        7    #######
 Corpse Rot               Necr           N/A          1%          2    None
 Iron Shot                Conj/Erth      #####.....   100%        6    #####..
 Stone Arrow              Conj/Erth      #####.       16%         3    None
 Swiftness                Chrm/Air       #####...     4%          2    None
 Recall                   Summ/Tloc      N/A          56%         3    None
 Agony                    Necr           ######..     10%         5    ####...
 Spider Form              Tmut/Pois      ###.......   56%         3    None
 Blade Hands              Tmut           ###.......   99%         5    ####...
 Statue Form              Tmut/Erth      ###......    100%        6    #####..
 Ice Form                 Ice/Tmut       ###.....     91%         4    None
 Dragon Form              Tmut           ###.......   100%        7    #######
 Necromutation            Tmut/Necr      #####.....   100%        8    #######
 Death Channel            Necr           ######....   41%         6    #####..
 Deflect Missiles         Chrm/Air       #####.....   97%         6    #####..
 Shadow Creatures         Summ           N/A          100%        6    #####..
 Confusing Touch          Hex            ######       1%          1    None
 Flame Tongue             Conj/Fire      #####        1%          1    None
 Passwall                 Tmut/Erth      ###.....     34%         2    None
 Ignite Poison            Fire/Tmut/Pois ####....     28%         3    None
 Sticks to Snakes         Tmut           ###.....     34%         2    None
 Call Canine Familiar     Summ           ###.....     56%         3    None
 Ensorcelled Hibernation  Hex/Ice        #####.       4%          2    None
 Metabolic Englaciation   Hex/Ice        #####.....   52%         5    ####...
 Silence                  Hex/Air        #####.....   52%         5    ####...
 Shatter                  Erth           ###.......   100%        9    #######
 Static Discharge         Conj/Air       #####...     16%         3    None
 Corona                   Hex            ######.      1%          1    None
 Alistair's Intoxication  Tmut/Pois      ###.....     99%         5    ####...
 Lee's Rapid Deconstruct  Erth           ###.......   99%         5    ####...
 Sandblast                Erth           ###...       26%         1    None
 Simulacrum               Ice/Necr       #####.....   98%         6    #####..
 Conjure Ball Lightning   Conj/Air       #####.....   100%        6    #####..
 Excruciating Wounds      Chrm/Necr      ######....   8%          5    ####...
 Portal Projectile        Hex/Tloc       #####.       8%          3    None
 Monstrous Menagerie      Summ           ###.......   100%        7    #######
 Petrify                  Tmut/Erth      ###.....     91%         4    None
 Passage of Golubria      Tloc           N/A          91%         4    None
 Orb of Destruction       Conj           ######....   100%        7    #######
 Malign Gateway           Summ/Tloc      ###.......   100%        7    #######
 Tornado                  Air            ###.......   100%        9    #######
 Leda's Liquefaction      Hex/Erth       #####.....   24%         4    None
 Summon Hydra             Summ           ###.......   100%        7    #######
 Darkness                 Hex            ######....   32%         6    #####..
 Shroud of Golubria       Chrm/Tloc      #####.....   4%          2    None
 Inner Flame              Hex/Fire       ######..     2%          3    None
 Aura of Abjuration       Summ           ###.......   99%         5    ####...
 Beastly Appendage        Tmut           ###...       26%         1    None
 Fulminant Prism          Conj/Hex       ######....   5%          4    None
 Dazzling Spray           Conj/Hex       ######       2%          3    None
 Force Lance              Conj/Tloc      #####...     43%         4    None
 Infusion                 Chrm           ####         1%          1    None
 Spectral Weapon          Hex/Chrm       ######..     1%          3    None
 Searing Ray              Conj           ######       2%          2    None
 Discord                  Hex            ######....   100%        8    #######
 Summon Forest            Summ/Tloc      ###.......   99%         5    ####...
 Summon Lightning Spire   Summ/Air       ###.....     91%         4    None
 Summon Guardian Golem    Hex/Summ       #####...     8%          3    None
 Dragon's Call            Summ           ###.......   100%        9    #######
 Summon Mana Viper        Hex/Summ       #####...     52%         5    ####...
 Hydra Form               Tmut           ###.......   100%        6    #####..
 Irradiate                Conj/Tmut      #####.....   77%         5    ####...
 Gell's Gravitas          Tloc           ###.......   56%         3    None
 Yara's Violent Unravell  Hex/Tmut       #####.....   52%         5    ####...
 Infestation              Necr           ######....   100%        8    #######
 Lesser Beckoning         Tloc           ###.......   56%         3    None
 Poisonous Vapours        Pois/Air       ###...       34%         2    None
 Ignition                 Fire           ######....   100%        8    #######
 Borgnjor's Vile Clutch   Necr/Erth      #####.....   58%         5    ####...


Dungeon Overview and Level Annotations

Branches:
Dungeon (1/1)

Altars:
Ashenzari
Cheibriados
Dithmenos
Elyvilon
Fedhas
Gozag
Hepliaklqana
Kikubaaqudgha
Makhleb
Nemelex Xobeh
Okawaru
Qazlal
Ru
Sif Muna
Trog
Uskayaw
Vehumet
Wu Jian
Xom
Yredelemnul
Zin
The Shining One
Beogh
Jiyva
Lugonu


Innate Abilities, Weirdness & Mutations

You are resistant to torment.
Your stone body is resilient. (AC +15)
You are immune to poison.
Your large and strong wings let you fly indefinitely.
You resist negative energy. (rN+)
You are resistant to electric shocks. (rElec)
You can survive without breathing.
You are immune to petrification.
You are immune to rotting.
Your body sometimes deteriorates upon taking damage.
Your spells are a little harder to cast, but a little more powerful.


Message History

Attack whom?
Press: ? - help, Dir - move target cursor, f - quasit
Aim: a quasit You reach to attack!
You puncture the quasit!
The quasit is heavily wounded.
Attack whom?
Press: ? - help, Dir - move target cursor, f/p - quasit
Aim: a quasit (heavily wounded)
You reach to attack!
Your gold dragon scales prevents you from hitting the quasit.
The quasit is heavily wounded.
Attack whom?
Press: ? - help, Dir - move target cursor, f/p - quasit
Aim: a quasit (heavily wounded)
You reach to attack!
You impale the quasit!!
You kill the quasit!
Qazlal accepts your kill.
You can't go down here!
Unknown command.
You have escaped!

......)....)▓..▓.......▓..▓...8©8
.........)..▓.▓▓▓.....▓▓▓.▓..):)[
....(..))=).▓..▓.......▓..▓...|[.
.......(..()▓.............▓......
............▓......©......▓....[.
............▓▓▓▓▓▓▓▓▓▓▓▓▓▓▓......
▓.......▓...▓8888888888888▓.[....
▓▓.....▓▓▓..▓8...§.......8▓......
▓.......▓...▓8..@.....©..8▓.▓....
............▓8.§.§.......8▓....©.
....©.......▓8888888888888▓▓▓▓▓▓▓
▓▓▓▓▓▓▓▓▓▓▓▓▓▓▓▓▓▓▓▓▓▓▓▓▓▓▓▓▓▓▓▓▓
.....8©8........▓........8©8.....
||||||.|)))).[..▓..:"[.|..[)...|[
).}|||=.=[})}}|.▓.|))})))))[)[.[|
"))))=.=.))[}.=.▓.|.)..[):[))))}.
................▓.......|.)).....


There were no monsters in sight!

Vanquished Creatures
  3 orbs of fire (D)
  2 greater mummies (D)
  Saint Roka (D)
  2 caustic shrikes (shapeshifter) (D)
  3 golden dragons (shapeshifter) (D)
  9 electric golems (D)
  6 acid blobs (D)
  9 titans (D)
  An acid blob (shapeshifter) (D)
  Polyphemus (D)
  Donald (D)
  A shadow dragon (shapeshifter) (D)
  5 azure jellies (D)
  2 azure jellies (shapeshifter) (D)
  11 storm dragons (D)
  Kirke (D)
  A thorn hunter (D)
  8 fire giants (D)
  6 nagarajas (D)
  5 frost giants (D)
  6 balrugs (D)
  3 ghost moths (D)
  An emperor scorpion (shapeshifter) (D)
  An orc warlord (D)
  2 emperor scorpions (D)
  7 spriggan defenders (D)
  A very ugly thing (D)
  4 stone giants (D)
  An apis (D)
  A dire elephant (shapeshifter) (D)
  Azrael (D)
  2 dire elephants (D)
  7 ettins (D)
  A mummy priest (D)
  10 death oozes (D)
  8 fire dragons (D)
  A great orb of eyes (shapeshifter) (D)
  5 great orbs of eyes (D)
  Harold (D)
  A hydra (shapeshifter) (D)
  6 naga warriors (D)
  13 spriggan air magi (D)
  An anaconda (shapeshifter) (D)
  A two-headed ogre (shapeshifter) (D)
  8 anacondas (D)
  5 hell hogs (D)
  A death scarab (D)
  2 dancing weapons (D)
  An alligator (shapeshifter) (D)
  2 shock serpents (shapeshifter) (D)
  9 spriggan berserkers (D)
  A fire crab (shapeshifter) (D)
  An iron troll (shapeshifter) (D)
  A spriggan druid (D)
  3 sea snakes (shapeshifter) (D)
  2 glowing orange brains (D)
  A shambling mangrove (D)
  A deep elf archer (D)
  3 orc knights (D)
  An orb spider (shapeshifter) (D)
  A mana viper (shapeshifter) (D)
  4 orb spiders (D)
  4 wolf spiders (D)
  A manticore (shapeshifter) (D)
  5 deep elf magi (D)
  6 cyclopes (D)
  3 shining eyes (D)
  2 cyclopes (shapeshifter) (D)
  A salamander (shapeshifter) (D)
  A shining eye (shapeshifter) (D)
  4 ugly things (D)
  7 moths of wrath (D)
  A guardian serpent (shapeshifter) (D)
  8 naga magi (D)
  9 black mambas (D)
  An eye of devastation (shapeshifter) (D)
  A black mamba (shapeshifter) (D)
  2 eyes of devastation (D)
  4 guardian serpents (D)
  A torpor snail (shapeshifter) (D)
  Joseph (D)
  A spiny frog (D)
  A spiny frog (shapeshifter) (D)
  A komodo dragon (D)
  2 demonic crawlers (D)
  8 efreet (D)
  2 dryads (D)
  3 yaktaurs (shapeshifter) (D)
  3 trolls (D)
  8 jumping spiders (D)
  A troll (shapeshifter) (D)
  Prince Ribbit (D)
  A hornet (shapeshifter) (D)
  8 hornets (D)
  A slime creature (shapeshifter) (D)
  6 wind drakes (D)
  17 slime creatures (D)
  3 hippogriffs (D)
  A flying skull (D)
  10 redbacks (D)
  5 spriggans (D)
  An ushabti (D)
  11 air elementals (D)
  7 fire elementals (D)
  A spriggan (shapeshifter) (D)
  8 tarantellas (D)
  A wyvern (shapeshifter) (D)
  Grum (D)
  2 yaks (D)
  A neqoxec (D)
  A golden eye (shapeshifter) (D)
  8 golden eyes (D)
  8 nagas (D)
  8 insubstantial wisps (D)
  6 hell hounds (D)
  A floating eye (D)
  A porcupine (D)
  10 water moccasins (D)
  A floating eye (shapeshifter) (D)
  A porcupine (shapeshifter) (D)
  An orc warrior (D)
  A sky beast (shapeshifter) (D)
  2 black bears (D)
  2 black bears (shapeshifter) (D)
  2 eyes of draining (shapeshifter) (D)
  2 ogres (D)
  4 wolves (D)
  2 phantoms (D)
  A centaur (shapeshifter) (D)
  3 crocodiles (D)
  4 bullfrogs (D)
  7 scorpions (D)
  5 wights (D)
  2 quasits (D)
  An iron imp (D)
  8 jellies (D)
  Terence (D)
  6 mummies (D)
  5 adders (D)
  A shadow imp (D)
  2 ufetubi (D)
  2 oozes (D)
  An adder zombie (D)
  An adder skeleton (D)
  A bat skeleton (D)
  A goblin (shapeshifter) (D)
  5 ball pythons (D)
  A leopard gecko zombie (D)
  A quokka zombie (D)
  A butterfly (D)
  6 fire vortices (D)
515 creatures vanquished.

Vanquished Creatures (collateral kills)
  Nessos (D)
  2 wolf spiders (D)
  A demonic crawler (D)
  A tarantella (D)
  Dowan (D)
6 creatures vanquished.

Vanquished Creatures (others)
  A fire giant (D)
  A stone giant (D)
  A cyclops (D)
  An insubstantial wisp (D)
  An adder (D)
5 creatures vanquished.

Grand Total: 526 creatures vanquished

Notes
Turn   | Place    | Note
-------+----------+-------------------------------------------
     0 | D        | Found the +6 Majin-Bo {vamp, Archmagi MP+6 Int+6}
     0 | D        | Found the +7 great mace "Firestarter" {inner flame, rF++}
     0 | D        | raistware the Gargoyle Fighter began the quest for the Orb.
     0 | D        | Reached XP level 1. HP: 14/14 MP: 1/1
     0 | D        | Found a deep blue altar of Sif Muna.
     0 | D        | Found a sacrificial altar of Ru.
     0 | D        | Found a bloodstained altar of Trog.
     0 | D        | Found a stormy altar of Qazlal.
     0 | D        | Found an iron altar of Okawaru.
     0 | D        | Found a sparkling altar of Nemelex Xobeh.
     0 | D        | Found a blossoming altar of Fedhas.
     2 | D        | Found a transporter.
     2 | D        | Found an ancient bone altar of Kikubaaqudgha.
     2 | D        | Found a viscous altar of Jiyva.
     2 | D        | Found a corrupted altar of Lugonu.
     2 | D        | Found a hazy altar of Hepliaklqana.
     2 | D        | Found a burning altar of Makhleb.
     2 | D        | Found an opulent altar of Gozag.
    19 | D        | Found the +9 heavy crossbow "Sniper" {velocity, Acc+∞ SInv}
    19 | D        | Found the +10 dark maul {crush}
    19 | D        | Found the +15 Maxwell's patent armour {-Cast -Tele rElec MR+ rCorr}
    19 | D        | Found the +18 shield of the Gong {rElec rN+ MR+ EV-5}
    19 | D        | Found the cursed +14 obsidian axe {chop, +Fly SInv *Curse}
    20 | D        | Found the +6 shillelagh "Devastator" {shatter}
    20 | D        | Found the +11 plutonium sword {*Contam Stlth-}
    20 | D        | Found the +8 lance "Wyrmbane" {slay drac, rPois rF+ rC+ AC+3}
    20 | D        | Found the +9 sword of Zonguldrok {reap}
    20 | D        | Found the cursed +13 scythe of Curses {drain, *Curse}
    20 | D        | Found the +0 sword of Power
    20 | D        | Found the +7 mace of Variability {chain chaos}
    20 | D        | Found the +7 Singing Sword
    20 | D        | Found the +7 longbow "Piercer" {penet, EV-2}
    81 | D        | Became a worshipper of Qazlal Stormbringer
    82 | D        | Reached XP level 2. HP: 19/19 MP: 1/4
   120 | D        | Entered arena 2.
   120 | D        | Noticed a wolf
   120 | D        | Noticed a spriggan
   120 | D        | Found a transporter.
   122 | D        | Killed a wolf
   122 | D        | Reached XP level 3. HP: 23/23 MP: 5/5
   122 | D        | Reached XP level 4. HP: 28/28 MP: 6/6
   123 | D        | Killed a spriggan
   123 | D        | Reached XP level 5. HP: 32/32 MP: 7/7
   123 | D        | Reached XP level 6. HP: 37/37 MP: 8/8
   134 | D        | Entered arena 3.
   134 | D        | Noticed an insubstantial wisp
   134 | D        | Noticed an insubstantial wisp
   134 | D        | Noticed an air elemental
   134 | D        | Found a transporter.
   137 | D        | Killed an insubstantial wisp
   137 | D        | Reached * piety under Qazlal
   137 | D        | Reached skill level 1 in Evocations
   137 | D        | Killed an insubstantial wisp
   141 | D        | Killed an air elemental
   141 | D        | Reached skill level 5 in Invocations
   141 | D        | Reached XP level 7. HP: 12/41 MP: 8/10
   148 | D        | Got the ring of Maink {rF+ rC+ MR+}
   364 | D        | Entered arena 4.
   364 | D        | Found a transporter.
   369 | D        | Reached ** piety under Qazlal
   375 | D        | Reached skill level 10 in Shields
   387 | D        | Entered arena 5.
   387 | D        | Noticed a jumping spider
   387 | D        | Noticed a jumping spider
   387 | D        | Noticed a tarantella
   387 | D        | Found a transporter.
   390 | D        | Killed a tarantella
   396 | D        | Killed a jumping spider
   396 | D        | Reached *** piety under Qazlal
   396 | D        | Reached XP level 8. HP: 45/46 MP: 12/12
   409 | D        | Killed a jumping spider
   409 | D        | Reached skill level 10 in Armour
   424 | D        | Entered arena 6.
   424 | D        | Found a transporter.
   432 | D        | Reached **** piety under Qazlal
   451 | D        | Entered arena 7.
   452 | D        | Found the +8 storm bow {elec}
   453 | D        | Reached ***** piety under Qazlal
   462 | D        | Reached skill level 5 in Evocations
   462 | D        | Reached XP level 9. HP: 51/51 MP: 14/14
   467 | D        | Reached skill level 10 in Polearms
   468 | D        | Found a transporter.
   488 | D        | Entered arena 8.
   489 | D        | Found a transporter.
   514 | D        | Reached ****** piety under Qazlal
   528 | D        | Entered arena 9.
   528 | D        | Noticed a spriggan rider
   582 | D        | Killed a hornet
   594 | D        | Found a transporter.
   605 | D        | Got the ring "Nagh" {Ice *Contam rElec Dex+4}
   626 | D        | Entered arena 10.
   626 | D        | Noticed a deep elf mage
   626 | D        | Noticed a deep elf archer
   626 | D        | Noticed an antimagic war axe
   626 | D        | Noticed a deep elf mage
   626 | D        | Noticed a deep elf mage
   626 | D        | Noticed a deep elf mage
   626 | D        | Noticed a dire flail of draining
   626 | D        | Noticed a deep elf mage
   627 | D        | Found a transporter.
   629 | D        | Killed a deep elf mage
   629 | D        | Reached XP level 10. HP: 56/56 MP: 16/16
   629 | D        | Killed a deep elf mage
   629 | D        | Killed a deep elf mage
   629 | D        | Killed a deep elf mage
   629 | D        | Killed a deep elf archer
   630 | D        | Killed a deep elf mage
   630 | D        | Reached skill level 10 in Invocations
   630 | D        | Killed an antimagic war axe
   630 | D        | Reached skill level 15 in Shields
   644 | D        | Killed a dire flail of draining
   644 | D        | Reached XP level 11. HP: 60/60 MP: 3/19
   666 | D        | Got the cursed +0 large shield of Lifelessness {*Corrode Dex+4 SInv}
   669 | D        | Got the +0 cloak of True Grit {*Corrode rElec rN+++ MR-}
   743 | D        | Entered arena 11.
   769 | D        | Found a transporter.
   785 | D        | Got the ring of Juyptam {rCorr +Inv Str+4 Dex-3 SInv}
   797 | D        | Entered arena 12.
   797 | D        | Noticed an orc knight
   797 | D        | Noticed an orc knight
   797 | D        | Noticed an orc warlord
   798 | D        | Noticed an orc knight
   821 | D        | Killed an orc knight
   821 | D        | Reached skill level 5 in Fighting
   821 | D        | Killed an orc warlord
   822 | D        | Killed an orc knight
   822 | D        | Reached skill level 5 in Dodging
   838 | D        | Killed an orc knight
   838 | D        | Reached skill level 10 in Evocations
   847 | D        | Found a transporter.
   987 | D        | Entered arena 13.
   987 | D        | Noticed a spriggan air mage
   987 | D        | Noticed a storm dragon
   987 | D        | Noticed a titan
   987 | D        | Noticed a storm dragon
   988 | D        | Killed a spriggan air mage
   990 | D        | Killed a spriggan air mage
   990 | D        | Reached XP level 12. HP: 28/74 MP: 13/21
   990 | D        | Killed a storm dragon
   995 | D        | Killed a storm dragon
  1021 | D        | Killed a titan
  1021 | D        | Reached skill level 15 in Armour
  1025 | D        | Found a transporter.
  1038 | D        | Got the Compendium of the Warped Rocks
  1085 | D        | Entered arena 14.
  1085 | D        | Noticed a death ooze
  1086 | D        | Noticed a great orb of eyes
  1087 | D        | Noticed a death ooze
  1087 | D        | Noticed a death ooze
  1087 | D        | Noticed a death ooze
  1094 | D        | Killed a death ooze
  1094 | D        | Reached skill level 10 in Fighting
  1094 | D        | Killed a great orb of eyes
  1095 | D        | Killed a death ooze
  1102 | D        | Killed a death ooze
  1106 | D        | Killed a death ooze
  1106 | D        | Reached XP level 13. HP: 48/84 MP: 9/23
  1110 | D        | Found the +0 pair of fencer's gloves {+Riposte Dex+3}
  1111 | D        | Found a transporter.
  1124 | D        | Got the ring "Fuarr" {rN+ Str+2 Dex+4 Stlth-}
  1225 | D        | Entered arena 15.
  1226 | D        | Noticed a death ooze
  1251 | D        | Reached skill level 15 in Invocations
  1256 | D        | Killed a death ooze
  1273 | D        | Found a transporter.
  1319 | D        | Got the ring "Qadevall" {*Contam +Blink rPois Int+2 Stlth+}
  1416 | D        | Entered arena 16.
  1417 | D        | Noticed a mummy priest
  1417 | D        | Noticed a greater mummy
  1417 | D        | Noticed a greater mummy
  1419 | D        | Noticed an emperor scorpion
  1419 | D        | Noticed an emperor scorpion
  1419 | D        | Noticed an emperor scorpion
  1419 | D        | Found a transporter.
  1425 | D        | Reached skill level 1 in Axes
  1427 | D        | Killed a greater mummy
  1427 | D        | Reached skill level 5 in Axes
  1427 | D        | Killed a mummy priest
  1429 | D        | Killed a greater mummy
  1429 | D        | Reached skill level 10 in Dodging
  1446 | D        | Got the ring "Qeitoi" {Ice *Corrode rPois Dex+5}
  1669 | D        | Entered arena 17.
  1677 | D        | Noticed Saint Roka
  1677 | D        | Noticed Harold
  1677 | D        | Noticed Prince Ribbit
  1678 | D        | Noticed Nessos
  1679 | D        | Noticed Donald
  1688 | D        | Noticed Dowan
  1689 | D        | Noticed Polyphemus
  1691 | D        | Noticed Joseph
  1691 | D        | Killed Prince Ribbit
  1691 | D        | Killed Joseph
  1691 | D        | Noticed Azrael
  1691 | D        | Noticed Kirke
  1692 | D        | Killed Kirke
  1692 | D        | Killed Donald
  1692 | D        | Gained mutation: Your large and strong wings let you fly indefinitely. [Gargoyle growth]
  1692 | D        | Reached XP level 14. HP: 60/94 MP: 18/26
  1692 | D        | Killed Azrael
  1692 | D        | Killed Harold
  1693 | D        | Noticed Grum
  1700 | D        | Noticed Terence
  1707 | D        | Killed Dowan
  1708 | D        | Killed Nessos
  1717 | D        | Killed Terence
  1717 | D        | Killed Grum
  1720 | D        | Killed Saint Roka
  1735 | D        | Killed Polyphemus
  1735 | D        | Reached skill level 10 in Axes
  1762 | D        | Found a transporter.
  1774 | D        | Got the amulet "Olyitz" {Inacc MP+9 SInv Stlth-}
  1825 | D        | Entered arena 18.
  1830 | D        | Noticed an acid blob
  1831 | D        | Noticed an azure jelly
  1831 | D        | Noticed an acid blob
  1832 | D        | Found the +7 great mace "Undeadhunter" {disrupt, rN+}
  1836 | D        | Killed an azure jelly
  1839 | D        | Killed an acid blob
  1840 | D        | HP: 3/96 [acid (8)]
  1851 | D        | Found a transporter.
  1852 | D        | Killed an acid blob
  1861 | D        | Got the ring of Suspicion {AC+1 Dex+2 Slay+2}
  1871 | D        | Got the ring of Modysat {rElec Str+3 Int+4 Stlth-}
  2085 | D        | Entered arena 19.
  2135 | D        | Reached skill level 15 in Fighting
  2144 | D        | Found a transporter.
  2191 | D        | Got the ring of Favurph {rElec rN+ Int-5 Dex+6 Stlth+}
  2199 | D        | Entered arena 20.
  2208 | D        | Noticed a white very ugly thing
  2214 | D        | Noticed an entropy weaver
  2218 | D        | an entropy weaver changed into a catoblepas
  2230 | D        | Reached skill level 15 in Evocations
  2230 | D        | Reached XP level 15. HP: 97/103 MP: 27/29
  2302 | D        | Found a transporter.
  2314 | D        | Got the amulet "Tuwek" {RegenMP rC+ MR+}
  2338 | D        | Entered arena 21.
  2344 | D        | Noticed an acid blob
  2344 | D        | Noticed an azure jelly
  2345 | D        | Noticed an azure jelly
  2345 | D        | Noticed an azure jelly
  2345 | D        | Noticed an acid blob
  2346 | D        | Killed an azure jelly
  2346 | D        | Killed an acid blob
  2346 | D        | Killed an acid blob
  2346 | D        | Killed an azure jelly
  2346 | D        | Killed an azure jelly
  2346 | D        | Killed an azure jelly
  2347 | D        | Noticed an acid blob
  2348 | D        | Noticed an acid blob
  2349 | D        | Found a transporter.
  2353 | D        | Killed an acid blob
  2353 | D        | Killed an acid blob
  2458 | D        | Got the ring of Coykul {rPois rC+ rN+ MR+ AC+1}
  2463 | D        | Got the ring of Cuoc {Ice Str+6}
  2491 | D        | Entered arena 22.
  2498 | D        | Noticed a fire giant
  2498 | D        | Noticed a frost giant
  2499 | D        | Noticed a frost giant
  2499 | D        | Noticed a frost giant
  2500 | D        | Noticed a frost giant
  2500 | D        | Noticed a frost giant
  2500 | D        | Noticed a titan
  2500 | D        | Noticed a titan
  2502 | D        | Found a transporter.
  2504 | D        | Noticed a titan
  2508 | D        | Noticed a fire giant
  2510 | D        | Killed a frost giant
  2510 | D        | Reached XP level 16. HP: 106/114 MP: 29/31
  2510 | D        | Killed a titan
  2510 | D        | Reached skill level 15 in Dodging
  2510 | D        | Killed a titan
  2527 | D        | Killed a titan
  2597 | D        | Got the +1 pair of boots of the Slorg {rN++ Int+3}
  2642 | D        | Entered arena 23.
  2659 | D        | Noticed a thorn hunter
  2668 | D        | Killed a thorn hunter
  2668 | D        | Reached XP level 17. HP: 100/124 MP: 31/33
  2712 | D        | Got the ring of Nulot {rCorr Str+3 Int+2}
  2735 | D        | Found a transporter.
  2753 | D        | Got the Collected Works on Flames and Boosts
  2821 | D        | Entered arena 24.
  2838 | D        | Noticed a quicksilver dragon
  2840 | D        | Noticed a sphinx
  2840 | D        | a dire elephant changed into a sphinx
  2841 | D        | a quicksilver dragon changed into an iron troll
  2843 | D        | Noticed an acid blob
  2843 | D        | Noticed a quicksilver dragon
  2843 | D        | a sphinx changed into a quicksilver dragon
  2843 | D        | Noticed a titan
  2845 | D        | Noticed a juggernaut
  2845 | D        | a titan changed into a juggernaut
  2846 | D        | Paralysed by a floating eye for 2 turns
  2848 | D        | Noticed an iron giant
  2848 | D        | an acid blob changed into an iron giant
  2849 | D        | Noticed an iron giant
  2849 | D        | a shadow dragon changed into an iron giant
  2849 | D        | Noticed a juggernaut
  2850 | D        | Noticed an iron giant
  2850 | D        | a juggernaut changed into an iron giant
  2850 | D        | a quicksilver dragon changed into a dire elephant
  2853 | D        | Noticed an iron giant
  2854 | D        | Noticed an acid blob
  2854 | D        | an iron giant changed into an acid blob
  2854 | D        | an iron giant changed into a shadow dragon
  2856 | D        | a juggernaut changed into an iron dragon
  2856 | D        | Noticed an acid blob
  2856 | D        | an iron giant changed into an acid blob
  2859 | D        | Noticed a caustic shrike
  2862 | D        | an iron giant changed into a shadow dragon
  2864 | D        | Noticed a golden dragon
  2864 | D        | a caustic shrike changed into a golden dragon
  2866 | D        | Noticed a quicksilver dragon
  2866 | D        | a stone giant changed into a quicksilver dragon
  2866 | D        | an acid blob changed into an iron dragon
  2868 | D        | a quicksilver dragon changed into a shadow dragon
  2868 | D        | an acid blob changed into a shadow dragon
  2868 | D        | Noticed an iron giant
  2875 | D        | Noticed a quicksilver dragon
  2875 | D        | a shadow dragon changed into a quicksilver dragon
  2875 | D        | Noticed a quicksilver dragon
  2875 | D        | a frost giant changed into a quicksilver dragon
  2877 | D        | a quicksilver dragon changed into an alligator snapping turtle
  2877 | D        | Noticed an iron giant
  2877 | D        | a golden dragon changed into an iron giant
  2879 | D        | an iron giant changed into a fire giant
  2880 | D        | Paralysed by a floating eye for 2 turns
  2881 | D        | a quicksilver dragon changed into an iron troll
  2881 | D        | Noticed a caustic shrike
  2881 | D        | an iron giant changed into a caustic shrike
  2882 | D        | Noticed an acid blob
  2882 | D        | a shadow dragon changed into an acid blob
  2882 | D        | Noticed a caustic shrike
  2884 | D        | Killed an acid blob
  2884 | D        | Killed a caustic shrike
  2884 | D        | Killed a caustic shrike
  2884 | D        | Noticed a sphinx
  2884 | D        | an iron troll changed into a sphinx
  2886 | D        | Noticed a golden dragon
  2886 | D        | a shadow dragon changed into a golden dragon
  2888 | D        | a sphinx changed into a fire giant
  2888 | D        | Noticed a caustic shrike
  2888 | D        | a golden dragon changed into a caustic shrike
  2900 | D        | Noticed a golden dragon
  2900 | D        | a fire giant changed into a golden dragon
  2900 | D        | Noticed a golden dragon
  2900 | D        | a caustic shrike changed into a golden dragon
  2901 | D        | Noticed an iron giant
  2902 | D        | Noticed a golden dragon
  2902 | D        | an iron giant changed into a golden dragon
  2907 | D        | Killed a golden dragon
  2910 | D        | Killed a golden dragon
  2910 | D        | Noticed an iron giant
  2910 | D        | a golden dragon changed into an iron giant
  2920 | D        | an iron giant changed into an iron dragon
  2928 | D        | Noticed a golden dragon
  2928 | D        | an iron dragon changed into a golden dragon
  2933 | D        | Killed a golden dragon
  2940 | D        | Found the +9 scales of the Dragon King {rPois rF+ rC+ MR+}
  2942 | D        | Found a transporter.
  2961 | D        | Got the ring "Lashout" {Wiz SInv}
  3017 | D        | Entered arena 25.
  3023 | D        | Noticed a titan
  3023 | D        | Noticed an electric golem
  3023 | D        | Noticed an electric golem
  3023 | D        | Noticed an electric golem
  3024 | D        | Killed an electric golem
  3024 | D        | Killed a titan
  3024 | D        | Reached XP level 18. HP: 136/136 MP: 33/35
  3024 | D        | Killed an electric golem
  3024 | D        | Noticed an electric golem
  3036 | D        | Noticed an electric golem
  3036 | D        | Noticed a titan
  3036 | D        | Noticed an electric golem
  3036 | D        | Noticed an electric golem
  3036 | D        | Noticed an electric golem
  3040 | D        | Noticed a titan
  3046 | D        | Noticed a titan
  3046 | D        | Noticed an electric golem
  3048 | D        | Killed a titan
  3048 | D        | Killed an electric golem
  3048 | D        | Killed a titan
  3048 | D        | Killed a titan
  3048 | D        | Killed an electric golem
  3048 | D        | Reached skill level 27 in Invocations
  3048 | D        | Killed an electric golem
  3048 | D        | Killed an electric golem
  3049 | D        | Noticed a titan
  3055 | D        | Killed an electric golem
  3067 | D        | Killed a titan
  3067 | D        | Killed an electric golem
  3067 | D        | Killed an electric golem
  3092 | D        | Found a transporter.
  3127 | D        | Got Furoep's Almanac of Talismans and Earth
  3378 | D        | Entered arena 26.
  3411 | D        | Reached skill level 1 in Spellcasting
  3420 | D        | Reached skill level 27 in Armour
  3433 | D        | Reached XP level 19. HP: 96/147 MP: 0/36
  3448 | D        | Reached skill level 5 in Spellcasting
  3530 | D        | Found a transporter.
  3561 | D        | Got the ring of Boliurch {Wiz rElec MR+ Int+10 Stlth-}
  3606 | D        | Learned a level 3 spell: Confuse
  3610 | D        | Learned a level 3 spell: Regeneration
  3610 | D        | Entered arena 27.
  3626 | D        | Noticed an orb of fire
  3627 | D        | Noticed an orb of fire
  3627 | D        | Noticed an orb of fire
  3638 | D        | Reached skill level 1 in Hexes
  3638 | D        | Reached skill level 1 in Charms
  3638 | D        | Reached skill level 1 in Necromancy
  3638 | D        | Killed an orb of fire
  3638 | D        | Reached skill level 5 in Hexes
  3638 | D        | Reached skill level 5 in Charms
  3638 | D        | Killed an orb of fire
  3638 | D        | Reached skill level 5 in Necromancy
  3649 | D        | Gained mutation: Your spells are a little harder to cast, but a little more powerful. [an orb of fire]
  3649 | D        | Gained mutation: Your body sometimes deteriorates upon taking damage. [an orb of fire]
  3651 | D        | Reached skill level 10 in Spellcasting
  3681 | D        | Killed an orb of fire
  3820 | D        | Found a transporter.
  3981 | D        | Learned a level 4 spell: Sticky Flame
  4009 | D        | Entered arena 28.
  4028 | D        | Found the +8 orange crystal plate armour {Archmagi, Int+3 Clar}
  4038 | D        | Reached skill level 27 in Fighting
  4038 | D        | Reached skill level 1 in Conjurations
  4038 | D        | Reached skill level 1 in Fire Magic
  4044 | D        | Reached skill level 10 in Hexes
  4044 | D        | Reached skill level 10 in Charms
  4044 | D        | Reached XP level 20. HP: 151/157 MP: 37/37
  4044 | D        | Reached skill level 5 in Conjurations
  4044 | D        | Reached skill level 5 in Fire Magic
  4044 | D        | Reached skill level 10 in Necromancy
  4113 | D        | Found a transporter.
  4114 | D        | Got the ring "Utesaklutao" {MR+ MP+9 Dex+3}
  4146 | D        | Got the ring of Free Will {rElec rF+ rC+ Str-4 Dex+4}
  4180 | D        | Got the amulet "Vusos" {Reflect rElec rF+ rC+ Int+3 SH+4}
  4212 | D        | Got the Disquisition on Excruciating Dislocation
  4242 | D        | Got the Orb of Zot
  4389 | D        | Escaped with the Orb!

Vault maps used:
D:        sprint_v

Skill      XL: |  1  2  3  4  5  6  7  8  9 10 11 12 13 14 15 16 17 18 19 20 |
---------------+-------------------------------------------------------------+-----
Polearms       | 3 4 6 7 8 9 11 12 | 12.0
Armour         | 4 6 8 9 10 11 12 14 15 17 18 20 22 25 27 | 27.0
Dodging        | 2 6 8 10 12 14 16 18 20 22 | 22.5
Shields        | 4 6 8 9 10 11 13 15 16 20 21 | 21.2
Invocations    | 3 5 6 7 8 10 12 14 17 20 22 24 26 27 | 27.0
Evocations     | 2 3 5 6 8 10 12 13 15 17 19 21 22 24 | 24.8
Fighting       | 8 11 13 15 18 20 23 25 27 | 27.0
Axes           | 8 10 | 10.9
Spellcasting   | 4 11 13 | 13.0
Hexes          | 10 11 | 11.5
Charms         | 10 11 | 11.5
Necromancy     | 9 10 | 10.7
Conjurations   | 3 7 |  7.8
Fire Magic     | 3 7 |  7.2

Action                   |  1- 3 |  4- 6 |  7- 9 | 10-12 | 13-15 | 16-18 | 19-21 || total
-------------------------+-------+-------+-------+-------+-------+-------+-------++-------
Melee: Lance             |       |     5 |   138 |   106 |   178 |   214 |   250 ||   891
 Cast: Regeneration      |       |       |       |       |       |       |     1 ||     1
Invok: Disaster Area     |       |       |       |     7 |    12 |     8 |     3 ||    30
       Upheaval          |       |       |       |       |     2 |       |       ||     2
 Abil: Stop Flying       |       |       |       |       |       |     1 |       ||     1
Evoke: Lightning rod     |     1 |     1 |     5 |       |       |     7 |       ||    14
       Wand              |       |     2 |     1 |       |       |       |       ||     3
       Phantom mirror    |       |       |       |       |     1 |     2 |       ||     3
       Box of beasts     |       |       |       |       |       |     1 |       ||     1
  Use: Potion            |     1 |       |       |     2 |    15 |     1 |     5 ||    24
       Scroll            |       |       |       |       |     8 |       |     7 ||    15
  Eat: Chunk             |       |       |       |     1 |     1 |     3 |     3 ||     8
       Ration            |       |       |       |       |     1 |       |       ||     1
Armor: Gold dragon scale |       |       |    18 |     9 |    63 |   102 |    72 ||   264
Dodge: Dodged            |       |       |     2 |     2 |    33 |    50 |    45 ||   132
       Deflected         |       |       |       |       |     2 |     6 |     4 ||    12
Block: Shield            |     3 |    10 |   155 |    80 |   260 |   337 |   315 ||  1160
       Reflection        |       |       |     1 |       |     9 |     3 |    11 ||    24
       Rpst.: Lance      |       |       |       |       |     3 |     3 |     6 ||    12

Table legend:
 A = Spawn XP
 B = Non-spawn XP
 C = Spawn XP percentage of total XP
 D = Spawn monster count
 E = Non-spawn monster count
 F = Spawn count percentage of total count
 G = Total turns spent on level
                    A         B        C        D         E        F      G
               +---------+---------+-------+---------+---------+-------+---------
         Total |       0 |  426108 |   0.0 |       0 |     517 |   0.0 |  4389
               +---------+---------+-------+---------+---------+-------+---------
             D |       0 |  426108 |   0.0 |       0 |     517 |   0.0 |  4389
               +---------+---------+-------+---------+---------+-------+---------
